Jets vs RedWings

Created - 10 février 2019 at 21:33

Goals
1 2 3 T
Jets 0 0 1 1
RedWings 2 5 0 7
Shots
1 2 3 T
Jets 17 12 16 45
RedWings 10 16 8 34

1st period

1. RedWings , Micheal Ferland 7 (Frans Nielsen 6, Paul Martin 11) at 3:33
2. RedWings , Filip Forsberg 16 (Brayden Schenn 26, David Pastrnak 19) at 4:45

Penalties :
Jake Gardiner (DET) for Roughing (Minor) at 0:05, Brayden Schenn (DET) for Holding (Minor) at 19:37

2nd period

3. RedWings , Jake Gardiner 6 (Kyle Brodziak 3) at 0:06 (SH)
4. RedWings , Jonathan Drouin 12 (Tyler Toffoli 9, Sean Monahan 34) at 13:46
5. RedWings , Filip Forsberg 17 (Brayden Schenn 27, David Pastrnak 20) at 14:14
6. RedWings , Sean Monahan 12 (Jonathan Drouin 9) at 14:26
7. RedWings , Brayden Schenn 14 (Kris Russell 7, Filip Forsberg 21) at 18:19

Penalties :
Zach Bogosian (WPG) for Roughing (Minor) at 3:45, Ben Lovejoy (DET) for Hooking (Minor) at 9:33

3rd period

8. Jets , Patrice Bergeron 13 (Hampus Lindholm 32, Rickard Rakell 21) at 4:20 (PP)

Penalties :
Brayden Schenn (DET) for Hooking (Minor) at 3:01, Paul Martin (DET) for Tripping (Minor) at 8:25, Mika Zibanejad (WPG) for High sticking (Minor) at 8:25, Jake Guentzel (WPG) for Holding (Minor) at 10:26, Thomas Hickey (DET) for Hooking (Minor) at 19:56

Goalie Stats

Keith Kinkaid (WPG), 12 saves from 15 shots - (0.800), 26:14 minutes
Cory Schneider (WPG), 15 saves from 19 shots - (0.789), L, 27-10-6, 33:46 minutes
John Gibson (DET), 44 saves from 45 shots - (0.978), W, 21-12-5, 60:00 minutes

Players Stats for Jets

Player Name              G  A  P  +/- PIM S  H  SB GA TA FO     MP     PP MP  PK MP  
------------------------------------------------------------------------------------
Cam Atkinson             0  0  0  -4  0   10 0  1  0  0  0/1    21:32   3:54   0:00 
Carl Soderberg           0  0  0  -1  0   1  1  0  0  0  2/2    13:28   0:22   2:33 
Carter Rowney            0  0  0  -1  0   1  0  1  0  0  0/0     5:19   0:00   1:25 
Erik Gustafsson          0  0  0  -1  0   1  0  0  0  0  0/0    11:18   4:17   2:31 
Hampus Lindholm          0  1  1  -2  0   4  4  1  0  0  0/0    24:25   3:02   1:27 
Jake Guentzel            0  0  0  -2  2   3  2  0  0  0  0/1    14:27   0:00   0:00 
Jake Muzzin              0  0  0  -3  0   1  3  3  0  0  0/0    25:40   4:17   1:27 
Jay Bouwmeester          0  0  0  -2  0   1  0  4  0  0  0/0    17:02   0:00   2:23 
Jeff Skinner             0  0  0  -3  0   4  0  0  0  0  0/1    19:41   3:25   0:00 
Mika Zibanejad           0  0  0  -1  2   2  2  0  0  0  12/27  19:25   3:25   0:00 
Mikko Koivu              0  0  0  -1  0   1  1  0  0  0  10/15  11:58   0:00   1:25 
Niklas Kronwall          0  0  0  -2  0   0  1  0  0  0  0/0    12:48   3:02   0:08 
Ondrej Kase              0  0  0  -1  0   2  0  0  0  0  1/1    19:26   3:25   0:00 
Patrice Bergeron         1  0  1  -4  0   4  3  0  0  0  16/38  21:21   3:54   0:00 
Radek Faksa              0  0  0  -1  0   2  0  0  0  0  9/9     6:27   0:00   2:33 
Rickard Rakell           0  1  1  -2  0   8  2  1  0  0  0/2    20:57   3:32   0:00 
Tobias Enstrom           0  0  0  -2  0   0  0  0  0  0  0/0    14:56   0:00   0:00 
Zach Bogosian            0  0  0  -2  2   0  1  2  0  0  0/0    13:50   0:00   0:00 

Players Stats for RedWings

Player Name              G  A  P  +/- PIM S  H  SB GA TA FO     MP     PP MP  PK MP  
------------------------------------------------------------------------------------
Andrew Cogliano          0  0  0   1  0   3  1  0  0  0  1/3    10:46   2:07   4:49 
Ben Lovejoy              0  0  0   2  2   0  2  2  0  0  0/0    18:21   1:06   2:22 
Brayden Schenn           1  2  3   3  4   4  2  0  0  0  14/29  21:05   2:07   0:20 
David Pastrnak           0  2  2   3  0   1  0  0  0  0  1/1    20:31   1:51   0:00 
Erik Haula               0  0  0   0  0   0  0  0  0  0  0/0     5:02   0:00   0:00 
Filip Forsberg           2  1  3   3  0   5  1  0  0  0  0/2    20:50   0:00   2:10 
Frans Nielsen            0  1  1   1  0   3  0  0  0  0  9/17   13:52   0:00   2:10 
Jake Gardiner            1  0  1   3  2   2  1  1  0  0  0/0    24:39   2:01   2:58 
Jonathan Drouin          1  1  2   2  0   3  0  0  0  0  0/2    14:04   0:00   0:20 
Kris Russell             0  1  1   3  0   1  2  2  0  0  0/0    25:30   2:01   3:48 
Kyle Brodziak            0  1  1   1  0   0  0  0  0  0  8/13    8:39   0:00   4:49 
Micheal Ferland          1  0  1   1  0   1  1  0  0  0  1/1    13:08   1:51   0:00 
Nick Jensen              0  0  0   2  0   0  0  1  0  0  0/0    15:22   0:51   0:18 
Paul Martin              0  1  1   2  2   2  0  3  0  0  0/0    18:58   1:57   3:25 
Ryan Hartman             0  0  0   1  0   0  3  0  0  0  0/2    10:30   0:00   0:00 
Sean Monahan             1  1  2   2  0   6  0  0  0  0  12/26  16:22   1:51   0:00 
Thomas Hickey            0  0  0   2  2   0  3  1  0  0  0/0    17:06   0:00   1:47 
Tyler Toffoli            0  1  1   2  0   3  1  0  0  0  1/1    15:51   2:07   0:00 

3 Stars

1 - Filip Forsberg (DET)
2 - John Gibson (DET)
3 - Brayden Schenn (DET)

Power Play

Jets - 1 on 5 Attempt(s) - 20.00%
RedWings - 0 on 2 Attempt(s) - 0.00%

Penalty Kill

Jets - 2 on 2 Attempt(s) - 100.00% - Score 0 goal in Penalty Kill
RedWings - 4 on 5 Attempt(s) - 80.00% - Score 1 goal in Penalty Kill

Team Stat

Jets - Hits : 20 - Faceoff Wins : 50 - Blocked Shots : 13 - Penalty Minutes : 6
RedWings - Hits : 17 - Faceoff Wins : 47 - Blocked Shots : 10 - Penalty Minutes : 12

Official

Referees : Dan O'Rourke and Mike Leggo
Linesman : Mike Cvik and Scott Cherrey

Game Notes

Keith Kinkaid enters game at 13:46 of 2nd period

Finance

Level 1 -- Attendance: 6033 (92.82%) -- Ticket Income 422 310 $
Level 2 -- Attendance: 5000 (100.00%) -- Ticket Income 260 000 $
Level 3 -- Attendance: 3500 (100.00%) -- Ticket Income 105 000 $
Level 4 -- Attendance: 2762 (68.59%) -- Ticket Income 27 620 $
Luxury Box -- Attendance: 1000 (100.00%) -- Ticket Income 135 000 $
Game was played at the Joe Louis Arena.
Total Attendance: 18295 (91.35%)
Total Ticket Income: 949 930 $
Other Income: 465 466 $
Total Income: 1 415 396 $

% Time on Ice - Jets

Lines # - Real PCT - Wanted PCT - Time Play
Normal Forward
1 - 35% - 36% - 16:16
2 - 34% - 35% - 16:01
3 - 23% - 22% - 10:33
4 - 8% - 7% - 3:54
Normal Defense
1 - 40% - 40% - 18:45
2 - 30% - 30% - 13:51
3 - 21% - 20% - 9:38
4 - 10% - 10% - 4:30
PP Forward
1 - 53% - 60% - 3:54
2 - 47% - 40% - 3:25
PP Defense
1 - 59% - 60% - 4:17
2 - 41% - 40% - 3:02
PK Forward
1 - 64% - 60% - 2:33
2 - 36% - 40% - 1:25
PK Defense
1 - 37% - 60% - 1:27
2 - 63% - 40% - 2:31
PK3 Forward
1 - 0% - 60%
2 - 0% - 40%
PK3 Defense
1 - 0% - 60%
2 - 0% - 40%
44 Forward
1 - 60% - 60% - 1:11
2 - 40% - 40% - 0:48
44 Defense
1 - 60% - 60% - 1:11
2 - 40% - 40% - 0:48
Last Minute Offensive  - 0:00
Last Minute Defensive  - 0:00
Total
Forward - 60:00
Defense - 60:00

% Time on Ice - RedWings

Lines # - Real PCT - Wanted PCT - Time Play
Normal Forward
1 - 40% - 40% - 18:40
2 - 29% - 30% - 13:44
3 - 22% - 20% - 10:30
4 - 8% - 10% - 3:50
Normal Defense
1 - 39% - 40% - 18:24
2 - 29% - 30% - 13:42
3 - 30% - 20% - 14:08
4 - 1% - 10% - 0:30
PP Forward
1 - 47% - 60% - 1:51
2 - 53% - 40% - 2:07
PP Defense
1 - 51% - 60% - 2:01
2 - 49% - 40% - 1:57
PK Forward
1 - 70% - 60% - 5:09
2 - 30% - 40% - 2:10
PK Defense
1 - 45% - 60% - 3:16
2 - 55% - 40% - 4:03
PK3 Forward
1 - 0% - 60%
2 - 0% - 40%
PK3 Defense
1 - 0% - 60%
2 - 0% - 40%
44 Forward
1 - 39% - 60% - 0:47
2 - 61% - 40% - 1:12
44 Defense
1 - 39% - 60% - 0:47
2 - 61% - 40% - 1:12
Last Minute Offensive  - 0:00
Last Minute Defensive  - 0:00
Total
Forward - 60:00
Defense - 60:00

Play-by-Play

1st period


0:01 of 1st period - Patrice Bergeron wins face-off versus Brayden Schenn in neutral zone.
0:05 of 1st period - Minor Penalty to Jake Gardiner for Roughing.
0:06 of 1st period - Kyle Brodziak wins face-off versus Patrice Bergeron in RedWings zone.
0:06 of 1st period - Kyle Brodziak is hit by Patrice Bergeron.
1:14 of 1st period - Shot by Jeff Skinner.
1:14 of 1st period - Stopped by John Gibson without a rebound.
1:15 of 1st period - Mika Zibanejad wins face-off versus Frans Nielsen in RedWings zone.
1:42 of 1st period - Shot by Hampus Lindholm.
1:42 of 1st period - Stopped by John Gibson without a rebound.
1:43 of 1st period - Frans Nielsen wins face-off versus Patrice Bergeron in RedWings zone.
2:16 of 1st period - Shot by Sean Monahan.
2:16 of 1st period - Shot Misses the Net.
2:24 of 1st period - Shot by Tyler Toffoli.
2:24 of 1st period - Shot Misses the Net.
2:27 of 1st period - Icing by Zach Bogosian.
2:28 of 1st period - Mikko Koivu wins face-off versus Brayden Schenn in Jets zone.
2:32 of 1st period - Jay Bouwmeester is hit by Brayden Schenn.
2:37 of 1st period - Carl Soderberg is hit by Thomas Hickey and loses puck.
3:22 of 1st period - Shot by Rickard Rakell.
3:22 of 1st period - Stopped by John Gibson with a rebound.
3:25 of 1st period - Icing by Paul Martin.
3:26 of 1st period - Frans Nielsen wins face-off versus Patrice Bergeron in RedWings zone.
3:33 of 1st period - Shot by Micheal Ferland.
3:33 of 1st period - Goal by Micheal Ferland - Jets : 0 - RedWings : 1.
3:34 of 1st period - Sean Monahan wins face-off versus Patrice Bergeron in neutral zone.
4:06 of 1st period - Shot by Cam Atkinson.
4:06 of 1st period - Stopped by John Gibson without a rebound.
4:07 of 1st period - Mika Zibanejad wins face-off versus Frans Nielsen in RedWings zone.
4:24 of 1st period - Shot by Ondrej Kase.
4:24 of 1st period - Stopped by John Gibson without a rebound.
4:25 of 1st period - Radek Faksa wins face-off versus Brayden Schenn in RedWings zone.
4:41 of 1st period - Shot by Brayden Schenn.
4:41 of 1st period - Stopped by Cory Schneider with a rebound.
4:43 of 1st period - Shot by David Pastrnak.
4:43 of 1st period - Shot Misses the Net.
4:45 of 1st period - Shot by Brayden Schenn.
4:45 of 1st period - Deflect By Filip Forsberg.
4:45 of 1st period - Goal by Filip Forsberg - Jets : 0 - RedWings : 2.
4:46 of 1st period - Mika Zibanejad wins face-off versus Sean Monahan in neutral zone.
4:57 of 1st period - Shot by Sean Monahan.
4:57 of 1st period - Stopped by Cory Schneider without a rebound.
4:58 of 1st period - Patrice Bergeron wins face-off versus Brayden Schenn in Jets zone.
5:15 of 1st period - Icing by Filip Forsberg.
5:16 of 1st period - Mika Zibanejad wins face-off versus Brayden Schenn in RedWings zone.
5:19 of 1st period - Shot by Rickard Rakell.
5:19 of 1st period - Shot Misses the Net.
5:27 of 1st period - Shot by Rickard Rakell.
5:27 of 1st period - Shot Blocked by Ben Lovejoy.
5:29 of 1st period - Shot by Rickard Rakell.
5:29 of 1st period - Shot Blocked by Paul Martin.
5:37 of 1st period - Shot by Rickard Rakell.
5:37 of 1st period - Stopped by John Gibson without a rebound.
5:38 of 1st period - Kyle Brodziak wins face-off versus Patrice Bergeron in RedWings zone.
5:56 of 1st period - Shot by Jeff Skinner.
5:56 of 1st period - Stopped by John Gibson without a rebound.
5:57 of 1st period - Mika Zibanejad wins face-off versus Sean Monahan in RedWings zone.
5:57 of 1st period - Mika Zibanejad is hit by Thomas Hickey.
6:03 of 1st period - Shot by Rickard Rakell.
6:03 of 1st period - Shot Misses the Net.
6:16 of 1st period - Jonathan Drouin is hit by Jake Muzzin and loses puck.
6:25 of 1st period - Shot by Mika Zibanejad.
6:25 of 1st period - Shot Misses the Net.
6:51 of 1st period - Shot by Cam Atkinson.
6:51 of 1st period - Stopped by John Gibson without a rebound.
6:52 of 1st period - Mikko Koivu wins face-off versus Filip Forsberg in RedWings zone.
7:20 of 1st period - Tobias Enstrom is hit by Kris Russell and loses puck.
7:52 of 1st period - Erik Gustafsson is hit by Ryan Hartman and loses puck.
8:22 of 1st period - Shot by Cam Atkinson.
8:22 of 1st period - Stopped by John Gibson with a rebound.
8:24 of 1st period - Shot by Hampus Lindholm.
8:24 of 1st period - Stopped by John Gibson without a rebound.
8:25 of 1st period - Kyle Brodziak wins face-off versus Mika Zibanejad in RedWings zone.
10:26 of 1st period - Shot by Carter Rowney.
10:26 of 1st period - Stopped by John Gibson with a rebound.
10:28 of 1st period - Shot by Radek Faksa.
10:28 of 1st period - Shot Misses the Net.
10:44 of 1st period - Shot by Mika Zibanejad.
10:44 of 1st period - Stopped by John Gibson without a rebound.
10:45 of 1st period - Mikko Koivu wins face-off versus Filip Forsberg in RedWings zone.
10:54 of 1st period - Shot by Mikko Koivu.
10:54 of 1st period - Shot Blocked by Paul Martin.
11:00 of 1st period - Shot by Cam Atkinson.
11:00 of 1st period - Shot Misses the Net.
11:26 of 1st period - Zach Bogosian is hit by Filip Forsberg and loses puck.
11:39 of 1st period - Shot by Ondrej Kase.
11:39 of 1st period - Shot Misses the Net.
11:55 of 1st period - Shot by Frans Nielsen.
11:55 of 1st period - Deflect By Micheal Ferland.
11:55 of 1st period - Shot Blocked by Jay Bouwmeester.
11:57 of 1st period - Shot by Thomas Hickey.
11:57 of 1st period - Shot Misses the Net.
11:59 of 1st period - Shot by Ryan Hartman.
11:59 of 1st period - Shot Misses the Net.
12:19 of 1st period - Jay Bouwmeester is hit by Andrew Cogliano and loses puck.
12:24 of 1st period - Shot by Andrew Cogliano.
12:24 of 1st period - Shot Misses the Net.
12:26 of 1st period - Shot by Kyle Brodziak.
12:26 of 1st period - Shot Blocked by Jay Bouwmeester.
12:41 of 1st period - Shot by Kyle Brodziak.
12:41 of 1st period - Shot Blocked by Zach Bogosian.
13:13 of 1st period - Filip Forsberg is hit by Niklas Kronwall and loses puck.
13:31 of 1st period - Icing by Jake Gardiner.
13:32 of 1st period - Patrice Bergeron wins face-off versus Frans Nielsen in RedWings zone.
13:37 of 1st period - Shot by Jeff Skinner.
13:37 of 1st period - Stopped by John Gibson with a rebound.
13:50 of 1st period - Icing by Hampus Lindholm.
13:51 of 1st period - Sean Monahan wins face-off versus Patrice Bergeron in Jets zone.
14:00 of 1st period - Shot by Sean Monahan.
14:00 of 1st period - Shot Misses the Net.
14:02 of 1st period - Shot by Jonathan Drouin.
14:02 of 1st period - Shot Misses the Net.
15:13 of 1st period - Radek Faksa is hit by Kris Russell and loses puck.
15:39 of 1st period - Off-side.
15:40 of 1st period - Mikko Koivu wins face-off versus Frans Nielsen in neutral zone.
15:48 of 1st period - Icing by Thomas Hickey.
15:49 of 1st period - Mika Zibanejad wins face-off versus Ryan Hartman in RedWings zone.
15:50 of 1st period - Shot by Ondrej Kase.
15:50 of 1st period - Shot Misses the Net.
16:18 of 1st period - Shot by Micheal Ferland.
16:18 of 1st period - Shot Misses the Net.
16:20 of 1st period - Shot by Frans Nielsen.
16:20 of 1st period - Stopped by Cory Schneider without a rebound.
16:21 of 1st period - Sean Monahan wins face-off versus Patrice Bergeron in Jets zone.
16:21 of 1st period - Jonathan Drouin is hit by Jake Muzzin and loses puck.
16:46 of 1st period - Shot by Patrice Bergeron.
16:46 of 1st period - Deflect By Jeff Skinner.
16:46 of 1st period - Shot Misses the Net.
17:00 of 1st period - Shot by Cam Atkinson.
17:00 of 1st period - Deflect By Patrice Bergeron.
17:00 of 1st period - Stopped by John Gibson with a rebound.
17:46 of 1st period - Icing by Thomas Hickey.
17:47 of 1st period - Mika Zibanejad wins face-off versus Brayden Schenn in RedWings zone.
17:52 of 1st period - Shot by Rickard Rakell.
17:52 of 1st period - Stopped by John Gibson without a rebound.
17:53 of 1st period - Frans Nielsen wins face-off versus Mika Zibanejad in RedWings zone.
17:55 of 1st period - Jake Gardiner is hit by Mika Zibanejad and loses puck.
18:12 of 1st period - Shot by Frans Nielsen.
18:12 of 1st period - Stopped by Cory Schneider without a rebound.
18:13 of 1st period - Kyle Brodziak wins face-off versus Patrice Bergeron in Jets zone.
18:32 of 1st period - Shot by Andrew Cogliano.
18:32 of 1st period - Stopped by Cory Schneider without a rebound.
18:33 of 1st period - Brayden Schenn wins face-off versus Mika Zibanejad in Jets zone.
18:50 of 1st period - Shot by David Pastrnak.
18:50 of 1st period - Stopped by Cory Schneider without a rebound.
18:51 of 1st period - Sean Monahan wins face-off versus Patrice Bergeron in Jets zone.
19:09 of 1st period - Tyler Toffoli is hit by Hampus Lindholm and loses puck.
19:12 of 1st period - Shot by Tyler Toffoli.
19:12 of 1st period - Stopped by Cory Schneider with a rebound.
19:20 of 1st period - Shot by Tyler Toffoli.
19:20 of 1st period - Stopped by Cory Schneider with a rebound.
19:22 of 1st period - Shot by Nick Jensen.
19:22 of 1st period - Shot Misses the Net.
19:24 of 1st period - Shot by Tyler Toffoli.
19:24 of 1st period - Shot Blocked by Jake Muzzin.
19:27 of 1st period - Tyler Toffoli is hit by Hampus Lindholm and loses puck.
19:30 of 1st period - Shot by Sean Monahan.
19:30 of 1st period - Shot Misses the Net.
19:37 of 1st period - Minor Penalty to Brayden Schenn for Holding.
19:38 of 1st period - Mika Zibanejad wins face-off versus Kyle Brodziak in RedWings zone.
19:51 of 1st period - Shot by Mika Zibanejad.
19:51 of 1st period - Shot Misses the Net.
19:53 of 1st period - Shot by Jeff Skinner.
19:53 of 1st period - Stopped by John Gibson with a rebound.
19:55 of 1st period - Shot by Jake Muzzin.
19:55 of 1st period - Shot Blocked by Kris Russell.
19:57 of 1st period - Shot by Mika Zibanejad.
19:57 of 1st period - Stopped by John Gibson without a rebound.
19:58 of 1st period - Patrice Bergeron wins face-off versus Kyle Brodziak in RedWings zone.
Goals for this period are 0 for Jets vs 2 for RedWings.
Shots for this period are 17 for Jets vs 10 for RedWings.

2nd period


0:01 of 2nd period - Kyle Brodziak wins face-off versus Patrice Bergeron in neutral zone.
0:06 of 2nd period - Shot by Jake Gardiner.
0:06 of 2nd period - Goal by Jake Gardiner - Jets : 0 - RedWings : 3.
0:07 of 2nd period - Kyle Brodziak wins face-off versus Patrice Bergeron in neutral zone.
0:42 of 2nd period - Shot by Cam Atkinson.
0:42 of 2nd period - Stopped by John Gibson without a rebound.
0:43 of 2nd period - Kyle Brodziak wins face-off versus Mika Zibanejad in RedWings zone.
0:58 of 2nd period - Shot by Hampus Lindholm.
0:58 of 2nd period - Shot Misses the Net.
1:02 of 2nd period - Shot by Ondrej Kase.
1:02 of 2nd period - Stopped by John Gibson with a rebound.
1:46 of 2nd period - Shot by Carl Soderberg.
1:46 of 2nd period - Stopped by John Gibson without a rebound.
1:47 of 2nd period - Radek Faksa wins face-off versus Jonathan Drouin in RedWings zone.
2:06 of 2nd period - Icing by Radek Faksa.
2:07 of 2nd period - Radek Faksa wins face-off versus Brayden Schenn in Jets zone.
2:17 of 2nd period - Shot by Jake Guentzel.
2:17 of 2nd period - Stopped by John Gibson without a rebound.
2:18 of 2nd period - Frans Nielsen wins face-off versus Patrice Bergeron in RedWings zone.
2:31 of 2nd period - Shot by Micheal Ferland.
2:31 of 2nd period - Shot Blocked by Jake Muzzin.
3:12 of 2nd period - Off-side.
3:13 of 2nd period - Sean Monahan wins face-off versus Mika Zibanejad in neutral zone.
3:16 of 2nd period - Shot by Tyler Toffoli.
3:16 of 2nd period - Shot Blocked by Jay Bouwmeester.
3:30 of 2nd period - Shot by Tyler Toffoli.
3:30 of 2nd period - Shot Misses the Net.
3:44 of 2nd period - Shot by Sean Monahan.
3:44 of 2nd period - Shot Misses the Net.
3:45 of 2nd period - Minor Penalty to Zach Bogosian for Roughing.
3:46 of 2nd period - Radek Faksa wins face-off versus Sean Monahan in Jets zone.
3:46 of 2nd period - Radek Faksa is hit by Micheal Ferland.
4:00 of 2nd period - Shot by Ben Lovejoy.
4:00 of 2nd period - Shot Misses the Net.
4:36 of 2nd period - Shot by Tyler Toffoli.
4:36 of 2nd period - Shot Misses the Net.
4:38 of 2nd period - Shot by Andrew Cogliano.
4:38 of 2nd period - Stopped by Cory Schneider with a rebound.
4:40 of 2nd period - Shot by Kris Russell.
4:40 of 2nd period - Shot Misses the Net.
4:42 of 2nd period - Shot by Tyler Toffoli.
4:42 of 2nd period - Shot Misses the Net.
4:44 of 2nd period - Shot by Jake Gardiner.
4:44 of 2nd period - Shot Misses the Net.
4:46 of 2nd period - Shot by Jake Gardiner.
4:46 of 2nd period - Shot Blocked by Carter Rowney.
4:48 of 2nd period - Shot by Andrew Cogliano.
4:48 of 2nd period - Stopped by Cory Schneider without a rebound.
4:49 of 2nd period - Radek Faksa wins face-off versus Sean Monahan in Jets zone.
5:07 of 2nd period - Shot by Kris Russell.
5:07 of 2nd period - Shot Misses the Net.
5:09 of 2nd period - Shot by Kris Russell.
5:09 of 2nd period - Shot Misses the Net.
5:11 of 2nd period - Shot by Jake Gardiner.
5:11 of 2nd period - Stopped by Cory Schneider with a rebound.
5:13 of 2nd period - Shot by Kris Russell.
5:13 of 2nd period - Stopped by Cory Schneider without a rebound.
5:14 of 2nd period - Brayden Schenn wins face-off versus Mikko Koivu in Jets zone.
5:29 of 2nd period - Shot by Brayden Schenn.
5:29 of 2nd period - Shot Misses the Net.
5:31 of 2nd period - Shot by Ben Lovejoy.
5:31 of 2nd period - Shot Misses the Net.
5:39 of 2nd period - Shot by Brayden Schenn.
5:39 of 2nd period - Shot Misses the Net.
5:49 of 2nd period - Shot by Frans Nielsen.
5:49 of 2nd period - Stopped by Cory Schneider without a rebound.
5:50 of 2nd period - Patrice Bergeron wins face-off versus Brayden Schenn in Jets zone.
6:22 of 2nd period - Icing by Nick Jensen.
6:23 of 2nd period - Brayden Schenn wins face-off versus Mika Zibanejad in RedWings zone.
6:25 of 2nd period - Icing by David Pastrnak.
6:26 of 2nd period - Brayden Schenn wins face-off versus Mika Zibanejad in RedWings zone.
6:58 of 2nd period - Rickard Rakell is hit by Jake Gardiner and loses puck.
7:01 of 2nd period - Shot by Mika Zibanejad.
7:01 of 2nd period - Shot Misses the Net.
7:33 of 2nd period - Shot by Cam Atkinson.
7:33 of 2nd period - Stopped by John Gibson without a rebound.
7:34 of 2nd period - Mikko Koivu wins face-off versus Sean Monahan in RedWings zone.
7:38 of 2nd period - Mikko Koivu is hit by Ben Lovejoy and loses puck.
8:04 of 2nd period - Carl Soderberg is hit by Ben Lovejoy and loses puck.
8:13 of 2nd period - Shot by Mikko Koivu.
8:13 of 2nd period - Stopped by John Gibson without a rebound.
8:14 of 2nd period - Patrice Bergeron wins face-off versus Kyle Brodziak in RedWings zone.
8:32 of 2nd period - Shot by Cam Atkinson.
8:32 of 2nd period - Stopped by John Gibson without a rebound.
8:33 of 2nd period - Brayden Schenn wins face-off versus Mika Zibanejad in RedWings zone.
9:21 of 2nd period - Off-side.
9:22 of 2nd period - Patrice Bergeron wins face-off versus Sean Monahan in neutral zone.
9:22 of 2nd period - Patrice Bergeron is hit by Tyler Toffoli.
9:28 of 2nd period - Icing by Jonathan Drouin.
9:29 of 2nd period - Patrice Bergeron wins face-off versus Sean Monahan in RedWings zone.
9:33 of 2nd period - Minor Penalty to Ben Lovejoy for Hooking.
9:34 of 2nd period - Kyle Brodziak wins face-off versus Patrice Bergeron in RedWings zone.
9:39 of 2nd period - Shot by Cam Atkinson.
9:39 of 2nd period - Stopped by John Gibson with a rebound.
10:49 of 2nd period - Shot by Hampus Lindholm.
10:49 of 2nd period - Deflect By Mika Zibanejad.
10:49 of 2nd period - Shot Misses the Net.
10:51 of 2nd period - Shot by Niklas Kronwall.
10:51 of 2nd period - Shot Misses the Net.
10:53 of 2nd period - Shot by Niklas Kronwall.
10:53 of 2nd period - Shot Blocked by Thomas Hickey.
11:29 of 2nd period - Patrice Bergeron is hit by Thomas Hickey.
11:31 of 2nd period - Shot by Carl Soderberg.
11:31 of 2nd period - Shot Misses the Net.
11:37 of 2nd period - Shot by Radek Faksa.
11:37 of 2nd period - Deflect By Jake Guentzel.
11:37 of 2nd period - Stopped by John Gibson without a rebound.
11:38 of 2nd period - Radek Faksa wins face-off versus Sean Monahan in RedWings zone.
11:46 of 2nd period - Jonathan Drouin is hit by Jake Guentzel and loses puck.
11:54 of 2nd period - Shot by Sean Monahan.
11:54 of 2nd period - Stopped by Cory Schneider without a rebound.
11:55 of 2nd period - Carl Soderberg wins face-off versus Brayden Schenn in Jets zone.
12:18 of 2nd period - Shot by Brayden Schenn.
12:18 of 2nd period - Stopped by Cory Schneider without a rebound.
12:19 of 2nd period - Frans Nielsen wins face-off versus Mika Zibanejad in Jets zone.
13:04 of 2nd period - Off-side.
13:05 of 2nd period - Patrice Bergeron wins face-off versus Brayden Schenn in neutral zone.
13:24 of 2nd period - Off-side.
13:25 of 2nd period - Sean Monahan wins face-off versus Mikko Koivu in neutral zone.
13:44 of 2nd period - Shot by Tyler Toffoli.
13:44 of 2nd period - Shot Misses the Net.
13:46 of 2nd period - Shot by Jonathan Drouin.
13:46 of 2nd period - Goal by Jonathan Drouin - Jets : 0 - RedWings : 4.
13:46 of 2nd period - Keith Kinkaid enters game.
13:47 of 2nd period - Brayden Schenn wins face-off versus Patrice Bergeron in neutral zone.
13:54 of 2nd period - Shot by Brayden Schenn.
13:54 of 2nd period - Stopped by Keith Kinkaid without a rebound.
13:55 of 2nd period - Brayden Schenn wins face-off versus Cam Atkinson in Jets zone.
14:02 of 2nd period - Shot by David Pastrnak.
14:02 of 2nd period - Shot Blocked by Hampus Lindholm.
14:12 of 2nd period - Shot by Brayden Schenn.
14:12 of 2nd period - Shot Misses the Net.
14:14 of 2nd period - Shot by Filip Forsberg.
14:14 of 2nd period - Goal by Filip Forsberg - Jets : 0 - RedWings : 5.
14:15 of 2nd period - Sean Monahan wins face-off versus Rickard Rakell in neutral zone.
14:26 of 2nd period - Shot by Sean Monahan.
14:26 of 2nd period - Goal by Sean Monahan - Jets : 0 - RedWings : 6.
14:27 of 2nd period - Brayden Schenn wins face-off versus Patrice Bergeron in neutral zone.
15:24 of 2nd period - Shot by Sean Monahan.
15:24 of 2nd period - Shot Misses the Net.
15:26 of 2nd period - Shot by Paul Martin.
15:26 of 2nd period - Stopped by Keith Kinkaid without a rebound.
15:27 of 2nd period - Andrew Cogliano wins face-off versus Mika Zibanejad in Jets zone.
16:12 of 2nd period - Off-side.
16:13 of 2nd period - Mikko Koivu wins face-off versus Jonathan Drouin in neutral zone.
16:15 of 2nd period - Off-side.
16:16 of 2nd period - Brayden Schenn wins face-off versus Jake Guentzel in neutral zone.
16:21 of 2nd period - Filip Forsberg is hit by Jake Guentzel and loses puck.
16:48 of 2nd period - Shot by Jake Guentzel.
16:48 of 2nd period - Stopped by John Gibson with a rebound.
16:50 of 2nd period - Shot by Mikko Koivu.
16:50 of 2nd period - Shot Misses the Net.
17:01 of 2nd period - Off-side.
17:02 of 2nd period - Patrice Bergeron wins face-off versus Sean Monahan in neutral zone.
17:16 of 2nd period - Shot by Sean Monahan.
17:16 of 2nd period - Stopped by Keith Kinkaid without a rebound.
17:17 of 2nd period - Frans Nielsen wins face-off versus Rickard Rakell in Jets zone.
17:17 of 2nd period - Nick Jensen is hit by Zach Bogosian.
17:31 of 2nd period - Shot by Mika Zibanejad.
17:31 of 2nd period - Deflect By Rickard Rakell.
17:31 of 2nd period - Stopped by John Gibson without a rebound.
17:32 of 2nd period - Sean Monahan wins face-off versus Patrice Bergeron in RedWings zone.
17:32 of 2nd period - Sean Monahan is hit by Patrice Bergeron.
17:38 of 2nd period - Shot by Jonathan Drouin.
17:38 of 2nd period - Stopped by Keith Kinkaid without a rebound.
17:39 of 2nd period - Brayden Schenn wins face-off versus Patrice Bergeron in Jets zone.
17:39 of 2nd period - Filip Forsberg is hit by Jake Muzzin.
17:43 of 2nd period - Shot by David Pastrnak.
17:43 of 2nd period - Shot Blocked by Jake Muzzin.
17:59 of 2nd period - Shot by Filip Forsberg.
17:59 of 2nd period - Shot Blocked by Cam Atkinson.
18:08 of 2nd period - Brayden Schenn is hit by Hampus Lindholm and loses puck.
18:15 of 2nd period - Shot by Filip Forsberg.
18:15 of 2nd period - Shot Misses the Net.
18:19 of 2nd period - Shot by Brayden Schenn.
18:19 of 2nd period - Goal by Brayden Schenn - Jets : 0 - RedWings : 7.
18:20 of 2nd period - Mika Zibanejad wins face-off versus Sean Monahan in neutral zone.
19:25 of 2nd period - Icing by Thomas Hickey.
19:26 of 2nd period - Frans Nielsen wins face-off versus Patrice Bergeron in RedWings zone.
19:40 of 2nd period - Shot by Cam Atkinson.
19:40 of 2nd period - Stopped by John Gibson without a rebound.
19:41 of 2nd period - Brayden Schenn wins face-off versus Mikko Koivu in RedWings zone.
Goals for this period are 0 for Jets vs 5 for RedWings.
Shots for this period are 12 for Jets vs 16 for RedWings.

3rd period


0:01 of 3rd period - Patrice Bergeron wins face-off versus Brayden Schenn in neutral zone.
0:30 of 3rd period - Shot by Cam Atkinson.
0:30 of 3rd period - Shot Hit the Post.
0:32 of 3rd period - Shot by Hampus Lindholm.
0:32 of 3rd period - Stopped by John Gibson without a rebound.
0:33 of 3rd period - Sean Monahan wins face-off versus Mika Zibanejad in RedWings zone.
0:38 of 3rd period - Shot by Sean Monahan.
0:38 of 3rd period - Stopped by Keith Kinkaid without a rebound.
0:39 of 3rd period - Micheal Ferland wins face-off versus Mika Zibanejad in Jets zone.
0:52 of 3rd period - Shot by Rickard Rakell.
0:52 of 3rd period - Deflect By Mika Zibanejad.
0:52 of 3rd period - Shot Misses the Net.
1:00 of 3rd period - Shot by Ryan Hartman.
1:00 of 3rd period - Shot Blocked by Jay Bouwmeester.
1:16 of 3rd period - Jay Bouwmeester is hit by Ryan Hartman and loses puck.
1:38 of 3rd period - Cam Atkinson is hit by Ryan Hartman and loses puck.
1:46 of 3rd period - Icing by Patrice Bergeron.
1:47 of 3rd period - Brayden Schenn wins face-off versus Patrice Bergeron in Jets zone.
1:56 of 3rd period - Shot by Brayden Schenn.
1:56 of 3rd period - Shot Misses the Net.
2:05 of 3rd period - Icing by Patrice Bergeron.
2:06 of 3rd period - Tyler Toffoli wins face-off versus Jeff Skinner in Jets zone.
2:29 of 3rd period - Shot by Tyler Toffoli.
2:29 of 3rd period - Stopped by Keith Kinkaid without a rebound.
2:30 of 3rd period - Carl Soderberg wins face-off versus Brayden Schenn in Jets zone.
2:30 of 3rd period - Carl Soderberg is hit by Brayden Schenn.
2:44 of 3rd period - Shot by Filip Forsberg.
2:44 of 3rd period - Shot Misses the Net.
3:01 of 3rd period - Minor Penalty to Brayden Schenn for Hooking.
3:02 of 3rd period - Mika Zibanejad wins face-off versus Andrew Cogliano in RedWings zone.
3:43 of 3rd period - Shot by Paul Martin.
3:43 of 3rd period - Stopped by Keith Kinkaid without a rebound.
3:44 of 3rd period - Frans Nielsen wins face-off versus Patrice Bergeron in Jets zone.
3:45 of 3rd period - Shot by Filip Forsberg.
3:45 of 3rd period - Stopped by Keith Kinkaid with a rebound.
3:59 of 3rd period - Shot by Rickard Rakell.
3:59 of 3rd period - Stopped by John Gibson without a rebound.
4:00 of 3rd period - Patrice Bergeron wins face-off versus Frans Nielsen in RedWings zone.
4:01 of 3rd period - Shot by Hampus Lindholm.
4:01 of 3rd period - Stopped by John Gibson without a rebound.
4:02 of 3rd period - Patrice Bergeron wins face-off versus Kyle Brodziak in RedWings zone.
4:16 of 3rd period - Shot by Rickard Rakell.
4:16 of 3rd period - Shot Blocked by Kris Russell.
4:20 of 3rd period - Shot by Patrice Bergeron.
4:20 of 3rd period - Goal by Patrice Bergeron - Jets : 1 - RedWings : 7.
4:21 of 3rd period - Mikko Koivu wins face-off versus Brayden Schenn in neutral zone.
4:24 of 3rd period - Shot by Carl Soderberg.
4:24 of 3rd period - Shot Misses the Net.
4:49 of 3rd period - Off-side.
4:50 of 3rd period - Mika Zibanejad wins face-off versus Sean Monahan in neutral zone.
4:59 of 3rd period - Shot by Mika Zibanejad.
4:59 of 3rd period - Shot Misses the Net.
5:09 of 3rd period - Shot by Rickard Rakell.
5:09 of 3rd period - Stopped by John Gibson without a rebound.
5:10 of 3rd period - Patrice Bergeron wins face-off versus Frans Nielsen in RedWings zone.
5:13 of 3rd period - Shot by Patrice Bergeron.
5:13 of 3rd period - Stopped by John Gibson without a rebound.
5:14 of 3rd period - Brayden Schenn wins face-off versus Patrice Bergeron in RedWings zone.
5:51 of 3rd period - Shot by Brayden Schenn.
5:51 of 3rd period - Shot Misses the Net.
6:16 of 3rd period - Shot by Jonathan Drouin.
6:16 of 3rd period - Shot Blocked by Zach Bogosian.
6:18 of 3rd period - Shot by Ben Lovejoy.
6:18 of 3rd period - Shot Misses the Net.
6:20 of 3rd period - Shot by Ben Lovejoy.
6:20 of 3rd period - Shot Blocked by Rickard Rakell.
6:22 of 3rd period - Shot by Ben Lovejoy.
6:22 of 3rd period - Shot Misses the Net.
6:24 of 3rd period - Shot by Jonathan Drouin.
6:24 of 3rd period - Stopped by Keith Kinkaid without a rebound.
6:25 of 3rd period - Mikko Koivu wins face-off versus Frans Nielsen in Jets zone.
6:47 of 3rd period - Icing by Nick Jensen.
6:48 of 3rd period - Mika Zibanejad wins face-off versus Ryan Hartman in RedWings zone.
7:17 of 3rd period - Shot by Rickard Rakell.
7:17 of 3rd period - Stopped by John Gibson without a rebound.
7:18 of 3rd period - Brayden Schenn wins face-off versus Mikko Koivu in RedWings zone.
7:18 of 3rd period - Brayden Schenn is hit by Mikko Koivu.
7:46 of 3rd period - Filip Forsberg is hit by Carl Soderberg and loses puck.
7:55 of 3rd period - Shot by Mikko Koivu.
7:55 of 3rd period - Shot Misses the Net.
7:57 of 3rd period - Shot by Jake Muzzin.
7:57 of 3rd period - Stopped by John Gibson without a rebound.
7:58 of 3rd period - Sean Monahan wins face-off versus Mika Zibanejad in RedWings zone.
7:58 of 3rd period - Sean Monahan is hit by Rickard Rakell.
8:06 of 3rd period - Shot by Sean Monahan.
8:06 of 3rd period - Shot Misses the Net.
8:25 of 3rd period - Minor Penalty to Paul Martin for Tripping.
8:25 of 3rd period - Minor Penalty to Mika Zibanejad for High sticking.
8:26 of 3rd period - Patrice Bergeron wins face-off versus Sean Monahan in RedWings zone.
8:39 of 3rd period - Shot by Patrice Bergeron.
8:39 of 3rd period - Shot Misses the Net.
8:59 of 3rd period - Shot by Rickard Rakell.
8:59 of 3rd period - Stopped by John Gibson with a rebound.
10:04 of 3rd period - Frans Nielsen is hit by Patrice Bergeron and loses puck.
10:26 of 3rd period - Minor Penalty to Jake Guentzel for Holding.
10:27 of 3rd period - Radek Faksa wins face-off versus Brayden Schenn in Jets zone.
11:01 of 3rd period - Shot by Tyler Toffoli.
11:01 of 3rd period - Shot Misses the Net.
11:16 of 3rd period - Icing by Nick Jensen.
11:17 of 3rd period - Mikko Koivu wins face-off versus Sean Monahan in RedWings zone.
11:32 of 3rd period - Shot by Sean Monahan.
11:32 of 3rd period - Shot Misses the Net.
13:59 of 3rd period - David Pastrnak is hit by Hampus Lindholm and loses puck.
14:04 of 3rd period - Shot by Filip Forsberg.
14:04 of 3rd period - Stopped by Keith Kinkaid without a rebound.
14:05 of 3rd period - Sean Monahan wins face-off versus Mikko Koivu in Jets zone.
14:22 of 3rd period - Shot by Sean Monahan.
14:22 of 3rd period - Stopped by Keith Kinkaid without a rebound.
14:23 of 3rd period - Radek Faksa wins face-off versus Frans Nielsen in Jets zone.
15:16 of 3rd period - Shot by Filip Forsberg.
15:16 of 3rd period - Shot Misses the Net.
15:18 of 3rd period - Shot by Filip Forsberg.
15:18 of 3rd period - Stopped by Keith Kinkaid without a rebound.
15:19 of 3rd period - Sean Monahan wins face-off versus Patrice Bergeron in Jets zone.
15:32 of 3rd period - Shot by Cam Atkinson.
15:32 of 3rd period - Shot Misses the Net.
15:34 of 3rd period - Shot by Cam Atkinson.
15:34 of 3rd period - Shot Misses the Net.
15:50 of 3rd period - Shot by Patrice Bergeron.
15:50 of 3rd period - Stopped by John Gibson without a rebound.
15:51 of 3rd period - David Pastrnak wins face-off versus Mika Zibanejad in RedWings zone.
15:51 of 3rd period - David Pastrnak is hit by Mika Zibanejad.
16:21 of 3rd period - Shot by Mika Zibanejad.
16:21 of 3rd period - Shot Misses the Net.
16:29 of 3rd period - Shot by Ondrej Kase.
16:29 of 3rd period - Shot Misses the Net.
16:43 of 3rd period - Shot by Cam Atkinson.
16:43 of 3rd period - Shot Blocked by Jake Gardiner.
16:58 of 3rd period - Icing by Jake Gardiner.
16:59 of 3rd period - Mikko Koivu wins face-off versus Brayden Schenn in RedWings zone.
18:11 of 3rd period - Shot by Jeff Skinner.
18:11 of 3rd period - Deflect By Cam Atkinson.
18:11 of 3rd period - Stopped by John Gibson with a rebound.
18:15 of 3rd period - Shot by Patrice Bergeron.
18:15 of 3rd period - Shot Misses the Net.
18:19 of 3rd period - Shot by Cam Atkinson.
18:19 of 3rd period - Stopped by John Gibson without a rebound.
18:20 of 3rd period - Ondrej Kase wins face-off versus Andrew Cogliano in RedWings zone.
18:33 of 3rd period - Shot by Mika Zibanejad.
18:33 of 3rd period - Shot Misses the Net.
18:35 of 3rd period - Shot by Jay Bouwmeester.
18:35 of 3rd period - Stopped by John Gibson without a rebound.
18:36 of 3rd period - Radek Faksa wins face-off versus Sean Monahan in RedWings zone.
18:41 of 3rd period - Shot by Radek Faksa.
18:41 of 3rd period - Stopped by John Gibson with a rebound.
18:43 of 3rd period - Shot by Radek Faksa.
18:43 of 3rd period - Stopped by John Gibson with a rebound.
18:45 of 3rd period - Shot by Tobias Enstrom.
18:45 of 3rd period - Shot Blocked by Ben Lovejoy.
18:47 of 3rd period - Shot by Radek Faksa.
18:47 of 3rd period - Shot Misses the Net.
18:56 of 3rd period - Shot by Carter Rowney.
18:56 of 3rd period - Shot Misses the Net.
18:58 of 3rd period - Shot by Radek Faksa.
18:58 of 3rd period - Shot Misses the Net.
19:00 of 3rd period - Shot by Carter Rowney.
19:00 of 3rd period - Shot Misses the Net.
19:02 of 3rd period - Shot by Radek Faksa.
19:02 of 3rd period - Shot Blocked by Paul Martin.
19:04 of 3rd period - Shot by Erik Gustafsson.
19:04 of 3rd period - Stopped by John Gibson without a rebound.
19:05 of 3rd period - Frans Nielsen wins face-off versus Mika Zibanejad in RedWings zone.
19:05 of 3rd period - Frans Nielsen is hit by Rickard Rakell.
19:31 of 3rd period - Shot by Mika Zibanejad.
19:31 of 3rd period - Shot Blocked by Nick Jensen.
19:56 of 3rd period - Minor Penalty to Thomas Hickey for Hooking.
19:57 of 3rd period - Patrice Bergeron wins face-off versus Kyle Brodziak in RedWings zone.
Goals for this period are 1 for Jets vs 0 for RedWings.
Shots for this period are 16 for Jets vs 8 for RedWings.